 Dungeon Crawl Stone Soup version 0.22.1-2-g9c5b331 (webtiles) character file.

142 Subspace the Skirmisher (level 5, -1/48 HPs)
             Began as a Hill Orc Abyssal Knight on Dec 3, 2018.
             Was a Believer of Lugonu.
             Slain by a worker ant (7 damage)
             ... on level 4 of the Dungeon.
             The game lasted 00:15:34 (2461 turns).

Subspace the Skirmisher (Hill Orc Abyssal Knight)   Turns: 2461, Time: 00:15:36

Health: -1/48      AC:  5    Str: 16    XL:     5   Next: 24%
Magic:  7/7        EV: 11    Int: 12    God:    Lugonu [**....]
Gold:   148        SH:  0    Dex: 10    Spells: 4/4 levels left

rFire    x . .     SeeInvis .   a - +1 spear
rCold    + . .     Gourm    .   (no shield)
rNeg     . . .     Faith    .   b - +0 leather armour
rPois    .         Spirit   .   (no helmet)
rElec    .         Reflect  .   (no cloak)
rCorr    .         Harm     .   k - +0 pair of gloves
MR       .....                  p - +0 pair of boots
Stlth    +.........             (no amulet)
HPRegen  0.16/turn              r - ring of ice
MPRegen  0.10/turn              (no ring)

@: lethally poisoned (-1 -> -9), drained
A: no striking features
a: Depart the Abyss, Bend Space, Renounce Religion, Convert to Beogh


You were on level 4 of the Dungeon.
You worshipped Lugonu.
Lugonu was pleased with you.
You were not hungry.

You visited 1 branch of the dungeon, and saw 4 of its levels.
You visited the Abyss 1 time.

You collected 148 gold pieces.

Inventory:

Hand Weapons
 a - a +1 spear (weapon)
Armour
 b - a +0 leather armour (worn)
 k - a +0 pair of gloves (worn)
 p - a +0 pair of boots (worn)
Jewellery
 r - a ring of ice (left hand)
Wands
 q - a wand of iceblast (10)
Scrolls
 d - 2 scrolls of noise {unknown}
 e - 3 scrolls of identify {unknown}
 f - 2 scrolls of remove curse {unknown}
 h - a scroll of enchant weapon {unknown}
 i - a scroll of magic mapping {unknown}
 j - a scroll of enchant armour {unknown}
 l - a scroll of amnesia {unknown}
 n - a scroll of teleportation {unknown}
Potions
 g - 3 potions of brilliance
 m - a potion of curing
 o - a potion of flight
Comestibles
 c - 6 rations


   Skills:
 + Level 5.1(4.4) Fighting
 + Level 4.1(3.4) Polearms
 + Level 2.9(2.2) Armour
 - Level 0.7(0.1) Dodging
 + Level 0.1(0.0) Stealth
 + Level 2.7(2.1) Invocations


You had 4 spell levels left.
You didn't know any spells.
Your spell library was empty.

Dungeon Overview and Level Annotations

Branches:
Dungeon (4/15)
 Temple: D:4-7

Altars:
Wu Jian

Annotations:
D:3 Grinder


Message History

The orc priest hits you but does no damage.
The worker ant bites you.
* * * LOW HITPOINT WARNING * * *
You are poisoned.
The worker ant poisons you!
You hit the orc priest.
The orc priest is heavily wounded.
You feel sick.
The orc priest hits you but does no damage.
The worker ant bites you.
* * * LOW HITPOINT WARNING * * *
You are lethally poisoned!
The worker ant poisons you!
You hit the orc priest.
The orc priest is severely wounded.
* * * LOW HITPOINT WARNING * * *
You feel sick.
The orc priest shouts, "Beogh is our master!
Accept the truth or die!"
The worker ant bites you!
You die...

#.# #[.# #..
.... #.#.
#..# # ...
...#.# ...
#..#.##
#r##.....
#.#..# .#
##o$.# #..#
#@##.#....##
#a##.<..!....
#.#........#.
#.#...S....#
#.#........#
..:.........#
..#..o$....##
###.o.....#.#
#..........


You could see a worker ant and an orc priest.

Vanquished Creatures
  Jessica (D:3)
  4 adders
  3 worms (D:2)
  A dart slug (D:2)
  4 leopard geckos
  An orc (D:4)
  11 bats
  3 giant cockroaches
  5 goblins
  9 hobgoblins
  4 jackals (D:2)
  A quokka (D:4)
  A frilled lizard (D:2)
  8 kobolds
  7 rats
63 creatures vanquished.

Notes
Turn   | Place    | Note
-------+----------+-------------------------------------------
     0 | Abyss:1  | Subspace the Hill Orc Abyssal Knight began the quest for
                  | the Orb.
     0 | Abyss:1  | Reached XP level 1. HP: 19/19 MP: 2/2
    13 | D:1      | Escaped the Abyss
   331 | D:1      | Reached skill level 4 in Fighting
   331 | D:1      | Reached XP level 2. HP: 22/27 MP: 3/3
   698 | D:2      | Reached XP level 3. HP: 12/34 MP: 3/5
  1092 | D:2      | Found an ornate altar of the Wu Jian Council.
  1226 | D:2      | Reached ** piety under Lugonu
  1568 | D:2      | Reached XP level 4. HP: 31/41 MP: 6/6
  2210 | D:3      | Noticed Jessica
  2251 | D:3      | Killed Jessica
  2251 | D:3      | Reached skill level 5 in Fighting
  2251 | D:3      | Reached XP level 5. HP: 28/48 MP: 7/7
  2410 | D:3      | Noticed Grinder
  2411 | D:3      | Paralysed by Grinder for 3 turns
  2461 | D:4      | Slain by a worker ant

Skill      XL: |  1  2  3  4 |
---------------+-------------+-----
Fighting       | 4 5 |  5.1
Polearms       | 3 4 |  4.1
Armour         | |  2.9
Dodging        | |  0.7
Stealth        | |  0.1
Invocations    | |  2.7

Action                   |  1- 3 |  4- 6 || total
-------------------------+-------+-------++-------
Melee: Spear             |   116 |   145 ||   261
Invok: Bend Space        |       |     1 ||     1
  Use: Potion            |     1 |     2 ||     3
  Eat: Ration            |     1 |       ||     1
       Chunk             |       |     2 ||     2
Armor: Leather armour    |    34 |    86 ||   120
Dodge: Dodged            |    69 |   112 ||   181
